 Dungeon Crawl Stone Soup version 0.23.0-33-g5e6c059 (webtiles) character file.

Game seed: 9932380327538614310

139 Fang the Skirmisher (level 5, -1/33 HPs)
             Began as a Gargoyle Berserker on Feb 26, 2019.
             Was a Believer of Trog.
             Slain by an orc
             ... wielding a +0 war axe
              (6 damage)
             ... on level 3 of the Dungeon.
             The game lasted 00:03:00 (1714 turns).

Fang the Skirmisher (Gargoyle Berserker)            Turns: 1714, Time: 00:03:01

Health: -1/33      AC:  6    Str: 22    XL:     5   Next: 22%
Magic:  5/5        EV: 12    Int:  7    God:    Trog [**....]
Gold:   105        SH:  0    Dex:  9    Spells: 4/4 levels left

rFire    . . .     SeeInvis .   a - +0 hand axe
rCold    . . .     Gourm    .   (no shield)
rNeg     + . .     Faith    .   b - +0 animal skin
rPois    ∞         Spirit   .   (no helmet)
rElec    +         Reflect  .   (no cloak)
rCorr    .         Harm     .   (no gloves)
MR       .....                  (no boots)
Stlth    ++........             (no amulet)
HPRegen  0.11/turn              (no ring)
MPRegen  0.09/turn              (no ring)

@: berserk cooldown, slowed, very slow
A: negative energy resistance 1, electricity resistance, unbreathing,
petrification resistance, rot immunity, AC +4
a: Berserk, Trog's Hand, Renounce Religion


You were on level 3 of the Dungeon.
You worshipped Trog.
Trog was pleased with you.
You were hungry.

You visited 1 branch of the dungeon, and saw 3 of its levels.

You collected 105 gold pieces.

Inventory:

Hand Weapons
 a - a +0 hand axe (weapon)
Armour
 b - a +0 animal skin (worn)
Scrolls
 e - a scroll of magic mapping {unknown}
 h - a scroll of amnesia {unknown}
 i - 4 scrolls of identify {unknown}
 j - a scroll of fear {unknown}
 k - a scroll of fog {unknown}
Potions
 f - a potion of mutation {unknown}
 g - a potion of cancellation {unknown}
Comestibles
 c - 2 rations
 d - 4 chunks of flesh


   Skills:
 + Level 4.2 Fighting
 * Level 4.0 Axes
 - Level 2.6 Armour
 - Level 1.9 Dodging
 + Level 2.0 Stealth


You had 4 spell levels left.
You didn't know any spells.
Your spell library was empty.

Dungeon Overview and Level Annotations

Branches:
Dungeon (3/15)

Altars:
Uskayaw
Vehumet
Xom


Innate Abilities, Weirdness & Mutations

You are resistant to torment.
Your stone body is resilient. (AC +4)
You are immune to poison.
You resist negative energy. (rN+)
You are resistant to electric shocks. (rElec)
You can survive without breathing.
You are immune to petrification.
You are immune to rotting.


Message History

You have reached level 5!
You feel a bit more experienced.
You are no longer berserk.
You are exhausted.
You feel yourself slow down.
You hit the orc.
The orc is moderately wounded.
The orc wizard mumbles some strange words.
The orc wizard blinks!
The orc misses you.
You closely miss the orc.
The orc is moderately wounded.
The orc hits you but does no damage. The orc closely misses you.
You hit the orc but do no damage.
The orc is moderately wounded.
The orc barely misses you.
Some of the chunks of flesh in your inventory have rotted away.
You barely miss the orc.
The orc is moderately wounded.
The orc hits you with a +0 war axe.
You die...

################.##
#......(...@ooog>.o
#.#################
#.# #.# #.# #.# #.#
#.# #.#


You could see an orc wizard, 3 orcs and a hobgoblin.

Vanquished Creatures
  2 orc wizards (D:3)
  2 oozes
  A worm (D:2)
  3 dart slugs (D:1)
  A leopard gecko (D:2)
  An orc (D:3)
  8 bats
  2 giant cockroaches (D:1)
  5 goblins (D:1)
  9 hobgoblins
  9 jackals
  2 kobolds
  2 quokkas
  A ball python (D:1)
  7 frilled lizards
  4 rats
59 creatures vanquished.

Notes
Turn   | Place    | Note
-------+----------+-------------------------------------------
     0 | D:1      | Fang the Gargoyle Berserker began the quest for the Orb.
     0 | D:1      | Reached XP level 1. HP: 14/14 MP: 1/1
    55 | D:1      | Reached XP level 2. HP: 11/19 MP: 2/2
   236 | D:1      | Reached XP level 3. HP: 9/23 MP: 3/3
   942 | D:2      | Reached ** piety under Trog
   972 | D:2      | Noticed a +0 hand axe
   973 | D:2      | Noticed a -3 hand axe
   988 | D:2      | Found a hide-covered altar of Uskayaw.
  1084 | D:2      | Reached skill level 1 in Stealth
  1108 | D:2      | Reached XP level 4. HP: 26/29 MP: 4/4
  1284 | D:2      | Found a radiant altar of Vehumet.
  1474 | D:3      | Found a shimmering altar of Xom.
  1476 | D:3      | Found a shimmering altar of Xom.
  1477 | D:3      | Found a shimmering altar of Xom.
  1710 | D:3      | Reached XP level 5. HP: 6/33 MP: 5/5
  1714 | D:3      | Slain by an orc

Skill      XL: |  1  2  3  4 |
---------------+-------------+-----
Axes           | 3 4 |  4.0
Stealth        | 1 2 |  2.0
Fighting       | 4 |  4.2
Armour         | |  2.6
Dodging        | |  1.9

Action                   |  1- 3 |  4- 6 || total
-------------------------+-------+-------++-------
Melee: Hand axe          |   118 |    64 ||   182
Invok: Berserk           |       |     1 ||     1
 Stab: Sleeping          |     1 |       ||     1
  Eat: Chunk             |     1 |     2 ||     3
Armor: Animal skin       |    48 |    17 ||    65
Dodge: Dodged            |    89 |    29 ||   118
